 Dungeon Crawl Stone Soup version 0.20-a0-351-gc9b4002 (webtiles) character file.

781 hairmachine the Firebug (level 7, -1/50 HPs)
             Began as a Black Draconian Fire Elementalist on Dec 24, 2016.
             Was a Follower of Sif Muna.
             Shot with an arrow by a centaur (9 damage)
             ... on level 7 of the Dungeon on Dec 25, 2016.
             The game lasted 01:23:29 (6939 turns).

hairmachine the Firebug (DrFE)                      Turns: 6939, Time: 01:23:32

Health: -1/50      AC:  8    Str: 11    XL:     7   Next: 55%
Magic:  10/11      EV: 12    Int: 17    God:    Sif Muna [*.....]
Gold:   303        SH:  0    Dex: 11    Spells: 1/11 levels left

rFire  + . .     SeeInvis +     c - +1 falchion (slice)
rCold  x . .     Gourm    .     (armour unavailable)
rNeg   . . .     Faith    .     (no shield)
rPois  .         Spirit   .     (helmet restricted)
rElec  +         Reflect  .     (no cloak)
rCorr  .         Harm     .     o - +0 pair of gloves (curse)
MR     .....                    h - +0 pair of boots
Stlth  ++........               (no amulet)
                                n - ring of fire {rF+, rC-}
                                i - ring of see invisible {sInv, !d}

@: no status effects
A: breathe lightning, unfitting armour, electricity resistance, cold-blooded, AC
+6
a: Breathe Lightning, Divine Energy, Renounce Religion


You were on level 7 of the Dungeon.
You worshipped Sif Muna.
Sif Muna was aware of your devotion.
You were hungry.

You visited 2 branches of the dungeon, and saw 8 of its levels.

You collected 303 gold pieces.


Innate Abilities, Weirdness & Mutations

You can breathe wild blasts of lightning.
Your glossy black scales are hard. (AC +6)
You cannot fit into any form of body armour.
You are resistant to electric shocks. (rElec)
You are cold-blooded and may be slowed by cold attacks.


   Skills:
 - Level 1.7 Dodging
 - Level 1.7 Stealth
 - Level 2.7 Spellcasting
 + Level 5.4 Conjurations
 + Level 6.8 Fire Magic


You had one spell level left.
You knew the following spells:

 Your Spells              Type           Power        Failure   Level  Hunger
a - Throw Flame           Conj/Fire      ####..       2%          2    ##.....
b - Conjure Flame         Conj/Fire      ####....     6%          3    ###....
c - Sticky Flame          Conj/Fire      ####....     17%         4    #####..
z - Flame Tongue          Conj/Fire      ####.        1%          1    #......

Inventory:

Hand Weapons
 c - a +1 falchion of slicing (weapon)
   (You found it on level 2 of the Dungeon)
 m - a +4 dagger
   (You took it off a goblin on level 1 of the Dungeon)
 y - the +7 dagger "Lobluth" {freeze, Str+2, unknown}
   (You found it on level 7 of the Dungeon)

   It has been specially enchanted to freeze those struck by it, causing extra
   injury to most foes and up to half again as much damage against particularly
   susceptible opponents.
   It can also slow down cold-blooded creatures.
   It affects your strength (+2).
Armour
 h - a +0 pair of boots (worn)
   (You found it on level 2 of the Dungeon)
 o - a cursed +0 pair of gloves (worn)
   (You found it on level 4 of the Dungeon)
Jewellery
 i - a ring of see invisible (left hand) {sInv, !d}
   (You found it on level 1 of the Dungeon)
 n - a ring of fire (right hand) {rF+, rC-}
   (You found it on level 3 of the Dungeon)
Wands
 k - a wand of enslavement (7/24)
   (You found it on level 3 of the Dungeon)
 w - a wand of iceblast (5/15)
   (You found it on level 6 of the Dungeon)
Scrolls
 g - a scroll of fear {!r}
 q - 2 scrolls of identify {!r}
 u - 3 scrolls of remove curse {!r}
 v - a scroll of amnesia {!r, unknown}
Potions
 d - a potion of might {!q}
 e - a potion of lignification {!q}
 f - a potion of heal wounds {!q}
 l - a potion of flight {!q}
 s - a potion of magic {!q}
 x - a potion of curing {!q, unknown}
 A - a potion of berserk rage {!q, unknown}
Books
 a - a book of Flames

   Spells                             Type                      Level
   a - Flame Tongue                   Conjuration/Fire             1
   b - Throw Flame                    Conjuration/Fire             2
   c - Conjure Flame                  Conjuration/Fire             3
   d - Inner Flame                    Hexes/Fire                   3
   e - Sticky Flame                   Conjuration/Fire             4
   f - Fireball                       Conjuration/Fire             5
 j - a book of Misfortune
   (You found it on level 2 of the Dungeon)

   Spells                             Type                      Level
   a - Confusing Touch                Hexes                        1
   b - Confuse                        Hexes                        3
   c - Gell's Gravitas                Hexes/Translocation          3
   d - Petrify                        Transmutation/Earth          4
   e - Metabolic Englaciation         Hexes/Ice                    5
   f - Yara's Violent Unravelling     Hexes/Transmutation          5
Comestibles
 b - 4 bread rations
 p - 4 meat rations
 r - 2 fruits
 t - 2 beef jerkies

Dungeon Overview and Level Annotations

Branches:
Dungeon (7/15)             Temple (1/1) D:5

Altars:
Ashenzari
Cheibriados
Dithmenos
Fedhas
Gozag
Kikubaaqudgha
Nemelex Xobeh
Okawaru
Qazlal
Ru
Sif Muna
Trog
Uskayaw
Vehumet
Xom
Yredelemnul
Zin
The Shining One

Annotations:
D:3 Sigmund
D:4 exclusion: black bear
D:5 Eustachio, Grinder
D:6 exclusion: crimson imp

# ####.## #.#
#.....###@#
#...#(ac..#
##...#.o####
#.......#
#....##.##
#........#
#....##o.#
#....##o.#
#....##..#
...#+###..#
#####......##
#.......#
#.....#.##
#.....#..#
#.....##.#
#.###. #'#


You could see an orc warrior, a centaur and a worker ant.


Message History

You butcher the bullfrog corpse.
z - a chunk of flesh You see here a bullfrog skeleton.
You start resting.
Eating a chunk of flesh.
You start eating the chunk of flesh.
This raw flesh tastes terrible.
Your magical contamination has completely faded away.
You start resting.
HP restored.
Magic restored.
There is a stone staircase leading down here.
y - a brightly glowing dagger A bullfrog zombie comes into view.
Casting: Flame Tongue
Confirm with . or Enter, or press ? or * to list all spells.
Aiming: Throw Flame
Press: ? - help, Shift-Dir - straight line, f - bullfrog zombie
Aim: a bullfrog zombie You feel a surge of power!
The puff of flame hits the bullfrog zombie.
The bullfrog zombie is moderately damaged.
Char dumped successfully.
Casting: Throw Flame
Confirm with . or Enter, or press ? or * to list all spells.
Aiming: Flame Tongue
Press: ? - help, Shift-Dir - straight line, f/p - bullfrog zombie
Aim: a bullfrog zombie (moderately damaged)
You feel a surge of power!
The flame tongue hits the bullfrog zombie.
The bullfrog zombie is heavily damaged.
Casting: Flame Tongue
Confirm with . or Enter, or press ? or * to list all spells.
Aiming: Flame Tongue
Press: ? - help, Shift-Dir - straight line, f/p - bullfrog zombie
Aim: a bullfrog zombie (heavily damaged)
You feel a surge of power!
The flame tongue hits the bullfrog zombie.
The bullfrog zombie is almost destroyed.
Casting: Flame Tongue
Confirm with . or Enter, or press ? or * to list all spells.
Aiming: Flame Tongue
Press: ? - help, Shift-Dir - straight line, f/p - bullfrog zombie
Aim: a bullfrog zombie (almost destroyed)
You feel a surge of power!
The flame tongue hits the bullfrog zombie.
You destroy the bullfrog zombie!
You start resting.
A centaur comes into view.
You start resting.
Magic restored.
q - 2 scrolls of identify {!r} (gained 1)
You open the door. 2 orcs and an orc warrior come into view.
The orc warrior shouts!
The orc shouts!
You hear a shout!
You hear an angry hiss.
You hear a shout! x3
Found an escape hatch in the ceiling.
An orc wizard comes into view. It is wielding a dagger.
Casting: Flame Tongue
Confirm with . or Enter, or press ? or * to list all spells.
Aiming: Conjure Flame
Press: ? - help, Dir - move target cursor You feel a surge of power!
The fire roars!
You are feeling hungry.
The orc warrior hits you from afar with a halberd!!
* * * LOW HITPOINT WARNING * * *
A worker ant comes into view.
The worker ant twitches its antennae in your direction.
Huge Dmg: -44%(-22hp) hp: 56%(28hp)
The centaur shouts!
The centaur wields a shortbow.
The centaur shoots an arrow.
The arrow barely misses you.
You see here an arrow.
Okay, then.
The centaur shoots an arrow.
The arrow hits you!
* * * LOW HITPOINT WARNING * * *
The centaur shoots an arrow.
The arrow hits you!
* * * LOW HITPOINT WARNING * * *
You see here an arrow.
Huge Dmg: -30%(-15hp) hp: 30%(15hp) Really quaff
f - 2 potions of heal wounds {!q}?
You feel much better.
The centaur shoots an arrow.
The arrow barely misses you.
You start resting.
The centaur shoots an arrow.
The arrow hits you!
* * * LOW HITPOINT WARNING * * *
Huge Dmg: -16%(-8hp) hp: 52%(26hp)
A wight comes into view. It is wielding a mace.
A wight is nearby!
The centaur shoots an arrow.
The arrow hits you!
* * * LOW HITPOINT WARNING * * *
You see here an arrow.
Huge Dmg: -20%(-10hp) hp: 34%(17hp) Evoke which item? (* to show all) (? for menu, Esc to quit)
Zapping:
k - a wand of enslavement (?/24) {zapped: 3} (will waste charges)
Press: ? - help, Shift-Dir - straight line, f - centaur
Aim: a centaur, wielding a shortbow (chance to defeat MR: 46%)
The centaur resists with some effort.
Evoking this partially-identified wand wasted a few charges.
The centaur shoots an arrow.
The arrow hits you!
* * * LOW HITPOINT WARNING * * *
The centaur shoots an arrow.
The arrow hits you!
You die...

Vault maps used:
D:1:      dpeg_arrival_more_subterranean_lakeside_camping
D:2:      first_bread, hangedman_decor_lopped
D:3:      gammafunk_temple_overflow_elements, uniq_sigmund
D:4:      nicolae_qazlal_style_of_elements, marbit_many_paths, lemuel_tele_altar
D:5:      lemuel_round_altar, grunt_ministairs_1, uniq_grinder, uniq_edmund,
          uniq_eustachio
D:7:      demons_altar
Temple:   regret_index_temple_waves

Notes
Turn   | Place    | Note
-------+----------+-------------------------------------------
     0 | D:1      | hairmachine the Draconian Fire Elementalist began the quest for the Orb.
     0 | D:1      | Reached XP level 1. HP: 14/14 MP: 3/3
   361 | D:1      | Reached XP level 2. HP: 20/20 MP: 3/5
   365 | D:1      | Learned a level 2 spell: Throw Flame
   876 | D:1      | Reached skill level 4 in Fire Magic
  1032 | D:2      | Reached XP level 3. HP: 26/26 MP: 1/6
  1543 | D:2      | Learned a level 3 spell: Conjure Flame
  2420 | D:3      | Reached XP level 4. HP: 33/33 MP: 4/7
  2796 | D:3      | Noticed Sigmund
  3096 | D:4      | Reached skill level 5 in Fire Magic
  3096 | D:4      | Reached XP level 5. HP: 38/38 MP: 0/8
  3177 | D:4      | Found a hide-covered altar of Uskayaw.
  3226 | D:4      | Found a snail-covered altar of Cheibriados.
  3377 | D:4      | You fall through a shaft!
  3377 | D:5      | Entered Level 5 of the Dungeon
  3414 | D:5      | Found an opulent altar of Gozag.
  3424 | D:5      | Noticed Grinder
  4002 | D:4      | Found a stormy altar of Qazlal.
  4003 | D:4      | Noticed a fire elemental
  4238 | D:4      | Noticed a black bear
  4317 | D:5      | Noticed an ogre
  4423 | D:5      | Killed an ogre
  4423 | D:5      | Reached XP level 6. HP: 45/45 MP: 0/9
  4668 | D:5      | Noticed Eustachio
  4669 | D:5      | Upgraded the game from 0.20-a0-350-ga83eecc to 0.20-a0-351-gc9b4002
  4723 | D:5      | Found a staircase to the Ecumenical Temple.
  4732 | Temple   | Entered the Ecumenical Temple
  4808 | Temple   | Became a worshipper of Sif Muna the Loreminder
  4899 | D:5      | Noticed Edmund
  4926 | D:5      | Your ally died
  5512 | D:6      | Reached skill level 6 in Fire Magic
  6037 | D:6      | Your scales start taking on a glossy black colour.
  6037 | D:6      | Reached XP level 7. HP: 50/50 MP: 5/11
  6037 | D:6      | Gained mutation: You are resistant to electric shocks. (rElec) [Black Draconian growth]
  6086 | D:6      | Learned a level 4 spell: Sticky Flame
  6182 | D:6      | Reached * piety under Sif Muna
  6398 | D:6      | Reached skill level 5 in Conjurations
  6854 | D:7      | Got a brightly glowing dagger
  6939 | D:7      | Shot with an arrow by a centaur

Vanquished Creatures
  An ogre (D:5)
  2 bullfrogs
  A scorpion (D:4)
  A water moccasin skeleton (D:6)
  3 wights (D:6)
  A crimson imp (D:6)
  A hound (D:4)
  A bullfrog zombie (D:7)
  An orc wizard (D:6)
  2 iguanas
  6 adders
  An ooze (D:1)
  An adder zombie (D:5)
  An adder skeleton (D:4)
  4 worms
  A dart slug (D:5)
  5 leopard geckos
  8 orcs
  3 bats (D:2)
  7 giant cockroaches
  2 hobgoblins (D:1)
  2 jackals (D:2)
  4 kobolds
  A quokka (D:5)
  2 ball pythons
  A ball python skeleton (D:4)
  6 frilled lizards
  4 goblins
  5 rats
78 creatures vanquished.

Vanquished Creatures (others)
  Edmund (D:5)
1 creature vanquished.

Grand Total: 79 creatures vanquished

Action                   |  1- 3 |  4- 6 |  7- 9 || total
-------------------------+-------+-------+-------++-------
Melee: Unarmed           |     3 |       |       ||     3
       Falchion          |       |    21 |     8 ||    29
       Tailslap          |       |     2 |     1 ||     3
 Cast: Flame Tongue      |    62 |    82 |    14 ||   158
       Throw Flame       |     1 |    26 |     6 ||    33
       Conjure Flame     |       |     7 |     1 ||     8
Evoke: Wand              |       |     1 |     1 ||     2
  Use: Scroll            |     5 |     8 |       ||    13
       Potion            |     5 |       |     1 ||     6
  Eat: Chunk             |     6 |    11 |     1 ||    18
       Bread ration      |       |     1 |       ||     1
       Pizza             |       |       |     1 ||     1
Armor: Skin              |    16 |    10 |     5 ||    31
Dodge: Dodged            |    10 |    23 |     9 ||    42
       Rpst.: Falchion   |     2 |     8 |     5 ||    15

Skill      XL: |  1  2  3  4  5  6  7 |
---------------+----------------------+-----
Fire Magic     | 4 5 6 |  6.8
Conjurations   | 2 3 4 5 |  5.4
Dodging        | |  1.7
Stealth        | |  1.7
Spellcasting   | |  2.7
